Map: King's Cove LE

Players

DashDance

  • Race: Terran Terran
  • League: Diamond
  • Spawn Location: 5:00

Intel - Winner!

  • Race: Protoss Protoss
  • League: Diamond
  • Spawn Location: 11:00

VOD

Have the link to the VOD?

Description

Time

  • Played on: Aug. 19, 2019, 7:48 p.m.
  • Length: 14:04
Show
View Real Time Build Order
Export as new Build Order

DashDance Terran 

Build Orders: Reaper Expand 

Get SALT Encoding   

  12  0:00  SCV  
  13  0:13  SCV  
  14  0:18  Supply Depot  
  14  0:25  SCV  
  15  0:40  SCV  
  15  0:41  Barracks  
  16  0:45  Refinery  
  16  0:52  SCV  
  17  1:04  SCV  
  18  1:16  SCV  
  19  1:28  Orbital Command  
  19  1:29  Reaper  
  20  1:50  Command Center  
  20  1:59  Barracks  
  20  2:04  SCV  
  21  2:12  Supply Depot  
  21  2:23  SCV  
  21  2:28  Barracks  
  22  2:32  Barracks Reactor  
  22  2:35  SCV  
  23  2:47  SCV  
  24  2:54  Barracks Tech Lab  
  24  2:59  SCV  
  24  3:04  Factory  
  24  3:05  Refinery  
  25  3:06  Orbital Command  
  25  3:11  SCV  
  26  3:16  Barracks Reactor  
  26  3:18  Marine  
  27  3:23  SCV  
  28  3:32  Marine  
  28  3:33  Stimpack  
  29  3:36  SCV  
  29  3:39  SCV  
  29  3:41  Marine x2  
  31  3:48  SCV  
  34  3:51  Starport, SCV  
  34  3:53  Marine  
  34  3:54  Marine  
  38  4:02  SCV  
  38  4:03  Supply Depot  
  38  4:05  Marine, Supply Depot, SCV  
  38  4:07  Factory Reactor  
  40  4:19  SCV  
  40  4:20  Marine x3  
  40  4:21  Marauder  
  46  4:35  SCV x2  
  46  4:38  Marine x4  
  48  4:42  Marine  
  53  4:47  SCV  
  53  4:48  SCV  
  53  4:50  Factory Tech Lab  
  55  4:58  Marine  
  55  4:59  Marine x3, SCV  
  59  5:00  SCV  
  59  5:03  Supply Depot  
  59  5:05  Supply Depot, Refinery  
  59  5:06  Refinery  
  61  5:11  SCV  
  62  5:25  Medivac x2, Marine x4, Engineering Bay  
  62  5:26  Marine, Siege Tank  
  62  5:27  Engineering Bay  
  74  5:29  SCV  
  74  5:30  SCV  
  74  5:32  Supply Depot  
  76  5:36  Supply Depot  
  76  5:42  SCV  
  76  5:44  Combat Shield  
  76  5:46  Marine x2  
  78  5:54  Marine  
  79  5:59  Command Center  
  79  6:22  Supply Depot  
  79  6:32  SCV, Supply Depot  
  80  6:34  Marine, SCV  
  80  6:35  Marauder, Marine x3  
  80  6:36  Siege Tank  
  80  6:37  Terran Infantry Weapons Level 1  
  80  6:39  Terran Infantry Armor Level 1  
  90  6:41  Medivac x2  
  94  6:52  Marine x3  
  96  6:56  Marauder  
  96  6:58  Armory  
  97  7:03  SCV  
  97  7:05  SCV  
  99  7:09  Concussive Shells  
  99  7:10  Siege Tank  
  99  7:12  Marine x3  
  99  7:13  Marine  
  106  7:18  Marauder  
  108  7:29  SCV  
  109  7:31  SCV  
  109  7:33  Marine x4  
  109  7:35  Medivac  
  116  7:39  Marauder, Supply Depot  
  116  7:41  SCV  
  116  7:43  Orbital Command  
  119  7:48  SCV  
  119  7:51  Marine x3  
  122  7:53  Marine  
  124  8:01  Siege Tank  
  126  8:09  Marine x3  
  126  8:37  Marauder, Marine x4  
  126  8:38  Terran Infantry Armor Level 2, Terran Infantry Weapons Level 2  
  132  8:47  Barracks x2  
  132  8:48  Starport, Barracks  
  132  8:49  Widow Mine  
  132  8:50  Supply Depot  
  132  8:52  SCV  
  132  8:53  SCV x2  
  132  8:55  Refinery  
  112  8:57  Refinery  
  105  9:04  Marine x4, SCV  
  105  9:05  Marine  
  111  9:22  Marine x5, Siege Tank  
  119  9:35  Medivac x2  
  119  9:38  Barracks Reactor x2, Starport Reactor, Barracks Tech Lab  
  123  9:39  Marine  
  123  9:40  Marine x3  
  123  9:41  Marauder  
  126  9:57  Marine x2  
  126  9:58  Marine x2  
  130  10:00  Marine  
  130  10:02  Marauder  
  129  10:15  Marine x3  
  129  10:16  Marine  
  129  10:18  Marine x2  
  129  10:19  Marine x3  
  138  10:22  SCV x3  
  141  10:36  Command Center  
  141  10:38  Command Center  
  141  10:46  Supply Depot  
  141  10:48  Supply Depot  
  141  11:07  Viking, Marine x6  
  141  11:10  Viking x2, Marine x4  
  157  11:16  Terran Infantry Weapons Level 3  
  157  11:17  Terran Infantry Armor Level 3  
  157  11:21  SCV  
  157  11:23  Supply Depot  
  157  11:24  Supply Depot  
  157  11:25  Marauder, Marine x5  
  165  11:27  Marine x3, Siege Tank  
  167  11:38  Marine  
  123  11:43  Marine x5  
  123  11:45  Marine  
  117  11:53  Marine x2  
  117  11:54  Marine  
  114  11:56  Marine  
  114  11:59  Siege Tank  
  114  12:00  Marine x5  
  102  12:02  Medivac x2  
  102  12:03  Marine  
  103  12:11  Marine  
  79  12:26  Marine x5  
  79  12:27  Marine x4  
  79  12:29  Marine  
  77  12:36  SCV x2  
  79  12:44  Marine x8  
  87  12:54  SCV x2  
  89  13:09  Planetary Fortress  
  89  13:11  Marauder  
  89  13:12  Marauder, Marine x5  
  97  13:22  Orbital Command  
  97  13:23  SCV x2  
  99  13:36  Marine x5  
  99  13:37  Marine x3  
  99  13:39  Marine x2  
Show
View Real Time Build Order
Export as new Build Order

Intel Protoss - Winner!

Build Orders: 1 Gate Expand 

Get SALT Encoding   

  12  0:00  Probe  
  13  0:13  Probe  
  14  0:18  Pylon  
  14  0:25  Probe  
  15  0:37  Probe  
  15  0:39  Gateway  
  16  0:46  Probe  
  16  0:47  Assimilator  
  17  0:54  Probe  
  17  1:03  Probe  
  19  1:15  Probe  
  20  1:33  Nexus  
  20  1:43  Cybernetics Core  
  20  1:55  Probe  
  20  1:56  Assimilator  
  21  2:05  Pylon  
  21  2:07  Probe  
  22  2:13  Stalker  
  22  2:19  Probe  
  22  2:21  Warp Gate  
  25  2:41  Probe  
  25  2:43  Stalker  
  27  2:52  Probe  
  27  2:54  Probe  
  29  3:00  Robotics Facility  
  29  3:02  Probe  
  29  3:04  Probe  
  30  3:10  Probe  
  30  3:12  Probe  
  31  3:13  Sentry  
  35  3:26  Probe  
  35  3:27  Probe  
  37  3:36  Gateway  
  37  3:37  Gateway  
  37  3:38  Probe  
  37  3:39  Probe  
  39  3:50  Observer, Probe  
  39  3:51  Probe  
  42  4:01  Pylon  
  42  4:07  Assimilator  
  42  4:09  Assimilator  
  42  4:14  Immortal  
  46  4:20  Twilight Council  
  46  4:21  Forge  
  46  4:24  Protoss Ground Armor Level 1  
  46  4:29  Probe  
  46  4:30  Probe  
  48  4:36  Charge, Pylon  
  48  4:41  Probe  
  48  4:42  Probe  
  50  4:47  Stalker  
  52  4:54  Immortal  
  56  5:01  Pylon  
  56  5:04  Probe x2  
  58  5:14  Pylon  
  58  5:16  Probe  
  58  5:17  Gateway, Probe  
  60  5:32  Probe x2  
  62  5:42  Nexus  
  62  5:45  Pylon  
  62  5:48  Pylon  
  62  5:49  Probe  
  63  5:50  Probe  
  64  5:59  Robotics Bay  
  64  6:00  Observer  
  65  6:15  Stalker x4  
  73  6:20  Assimilator  
  73  6:22  Protoss Ground Weapons Level 1, Assimilator, Probe  
  73  6:23  Probe  
  75  6:32  Templar Archives  
  75  6:35  Forge  
  75  6:43  Observer  
  76  6:53  Zealot x3  
  76  6:54  Zealot  
  84  6:58  Probe x3  
  84  7:00  Observer  
  87  7:08  Colossus, Protoss Ground Armor Level 2  
  87  7:10  Probe x3  
  96  7:26  Extended Thermal Lance  
  96  7:31  Zealot x4  
  104  7:38  Probe x2  
  104  7:39  Probe  
  107  7:48  Pylon  
  107  7:49  Gateway, Pylon  
  107  7:50  Templar Archives  
  107  7:51  Gateway  
  107  8:01  Zealot  
  109  8:06  Probe x3  
  109  8:07  Pylon  
  109  8:10  Pylon  
  112  8:12  Colossus  
  112  8:18  Probe  
  119  8:25  Protoss Ground Weapons Level 2, High Templar x4  
  127  8:35  Probe x3  
  127  8:36  Gateway, Archon x2  
  127  8:38  Gateway  
  127  8:41  Psionic Storm  
  130  8:47  Probe x2  
  124  8:56  Zealot  
  124  8:57  Zealot x2  
  130  9:06  Probe x3  
  130  9:07  Observer  
  120  9:17  Nexus  
  120  9:18  Probe x2  
  112  9:24  Pylon  
  112  9:28  Pylon  
  112  9:38  Probe x3  
  109  9:50  Probe x3  
  108  10:20  Protoss Ground Armor Level 3  
  108  10:26  Probe x3  
  111  10:29  Probe  
  111  10:34  Observer  
  113  10:38  Probe x2  
  113  10:42  Assimilator, Probe  
  116  10:43  Probe  
  116  10:46  Assimilator  
  117  10:50  Probe  
  117  10:53  Zealot x6  
  117  10:54  Zealot x2  
  134  11:17  Zealot x5  
  134  11:18  Zealot x3  
  142  11:42  Stalker x6  
  142  11:43  Stalker x2  
  157  12:17  High Templar  
  157  12:18  High Templar x6  
  161  12:23  Archon  
  161  12:24  Archon x2  
  149  12:42  Probe x3  
  149  12:43  Probe  
  151  12:54  Probe x2  
  151  12:58  Probe x2  
  155  13:06  Probe  
  155  13:09  High Templar  
  155  13:10  High Templar x2  
  160  13:28  Pylon  
  160  13:30  Pylon  
  160  13:37  Nexus  
  160  13:38  Pylon  
  160  13:40  Zealot x4  
  160  13:41  Zealot  
  170  13:42  Pylon  
  162  13:55  Zealot x3  
Tags
 
Add a new tag
Caveats
  • Supply blocks, unpowered buildings, or Contaminate may cause inaccurate times.
  • Supply counts are checked every 10 seconds.